[Event "75th Argentine Women-ch 2024"]
[Site "Buenos Aires"]
[Date "2024.11.27"]
[Round "7.1"]
[White "Adam, Ernestina"]
[Black "Zuriel, Marisa"]
[Result "0-1"]
[ECO "B40"]
[WhiteElo "2154"]
[BlackElo "2163"]
[Annotator "RC"]
[PlyCount "56"]
[EventDate "2024.11.21"]
[EventType "swiss"]
[EventCountry "ARG"]
[SourceTitle "playchess.com"]
[Source "ChessBase"]
[SourceQuality "1"]
[TimeControl "5400+30"]

1. e4 c5 2. Nf3 e6 3. d4 cxd4 4. Nxd4 Bc5 5. Nb3 Bb6 6. Bd3 Ne7 7. Qe2 O-O 8. Be3 f5 9. N1d2 fxe4 10. Nxe4 Bxe3 11. Qxe3 Nf5 12. Qe2 d5 13. Ng3 Nxg3 14. hxg3 h6 15. O-O-O Qf6 16. f4 Nc6 17. Rde1 a5 18. Nc5 a4 19. Nxe6 Re8 20. f5 a3 21. c3 axb2+ 22. Kxb2 Bxe6 23. fxe6 Rxa2+ 24. Kxa2 Qxc3 25. Ba6 Ra8 26. e7 Rxa6+ 27. Qxa6 Nb4+ 28. Kb1 Qb3+ 0-1

[Event "75th Argentine Women-ch 2024"]
[Site "Buenos Aires"]
[Date "2024.11.28"]
[Round "7.2"]
[White "Amura, Claudia"]
[Black "Campos, Maria Jose"]
[Result "0-1"]
[ECO "D37"]
[WhiteElo "2183"]
[BlackElo "2272"]
[Annotator "RC"]
[PlyCount "88"]
[EventDate "2024.11.21"]
[EventType "swiss"]
[EventCountry "ARG"]
[SourceTitle "playchess.com"]
[Source "ChessBase"]
[SourceQuality "1"]
[TimeControl "5400+30"]

1. d4 Nf6 2. c4 e6 3. Nc3 d5 4. e3 a6 5. Nf3 Nbd7 6. b3 b6 7. Bd3 Bb7 8. O-O Bb4 9. Bb2 O-O 10. Qe2 Bd6 11. e4 dxc4 12. bxc4 e5 13. d5 Re8 14. g3 Bc8 15. Bc2 Nc5 16. Kg2 h5 17. h3 Nh7 18. Bc1 b5 19. a3 bxc4 20. Be3 Nd3 21. Rfb1 Qf6 22. Ba4 Rd8 23. Bc6 Bd7 24. Bxd7 Rxd7 25. Nd2 Nf4+ 26. Bxf4 exf4 27. Qxc4 fxg3 28. fxg3 Bxg3 29. Kxg3 Qg5+ 30. Kh2 Qxd2+ 31. Ne2 Ng5 32. Rf1 Qe3 33. Ng1 Nxe4 34. Rf3 Qd2+ 35. Ne2 Qxd5 36. Qxd5 Rxd5 37. Re3 Nf6 38. Rc1 c5 39. Nf4 Rd2+ 40. Kg3 Rc8 41. Rc4 Rd4 42. Rc2 c4 43. Re5 c3 44. Ne2 Rd2 0-1

[Event "75th Argentine Women-ch 2024"]
[Site "Buenos Aires"]
[Date "2024.11.28"]
[Round "7.3"]
[White "Brizzi, Milagros Tatiana"]
[Black "Nejanky, Maisa"]
[Result "1-0"]
[ECO "A04"]
[WhiteElo "2114"]
[BlackElo "1928"]
[Annotator "RC"]
[PlyCount "87"]
[EventDate "2024.11.21"]
[EventType "swiss"]
[EventCountry "ARG"]
[SourceTitle "playchess.com"]
[Source "ChessBase"]
[SourceQuality "1"]
[TimeControl "5400+30"]

1. e4 c5 2. Nf3 d6 3. d3 Nc6 4. g3 g6 5. Bg2 Bg7 6. O-O e6 7. c3 Nge7 8. d4 cxd4 9. cxd4 d5 10. e5 h6 11. Nc3 O-O 12. Re1 a6 13. h4 b5 14. Bf4 Nf5 15. Bh3 Kh7 16. Kh2 f6 17. Rc1 fxe5 18. dxe5 Bb7 19. Qd2 Qb6 20. Rcd1 Rac8 21. Kg2 Na5 22. Bxf5 Rxf5 23. Nd4 Nc4 24. Qe2 Rf7 25. Rd3 Rcf8 26. Kh3 Bc8 27. b3 Na5 28. Qe3 Qd8 29. Nce2 Bd7 30. Rc3 b4 31. Rc2 Qb8 32. Nc1 Qb7 33. Nd3 Nc6 34. Rec1 Nxd4 35. Qxd4 Bb5 36. Nxb4 g5 37. hxg5 hxg5 38. Bxg5 Rf5 39. Rc7 Qb8 40. Qh4+ Kg6 41. Rxg7+ Kxg7 42. Qh6+ Kg8 43. Qg6+ Kh8 44. Rh1 1-0

[Event "75th Argentine Women-ch 2024"]
[Site "Buenos Aires"]
[Date "2024.11.27"]
[Round "7.4"]
[White "Alvarez, Mia Morena"]
[Black "Bosco, Giuliana"]
[Result "0-1"]
[ECO "C04"]
[WhiteElo "1653"]
[BlackElo "1953"]
[Annotator "RC"]
[PlyCount "42"]
[EventDate "2024.11.21"]
[EventType "swiss"]
[EventCountry "ARG"]
[SourceTitle "playchess.com"]
[Source "ChessBase"]
[SourceQuality "1"]
[TimeControl "5400+30"]

1. e4 e6 2. d4 d5 3. Nd2 Nc6 4. Ngf3 Nf6 5. e5 Nd7 6. c3 f6 7. exf6 Qxf6 8. Bd3 Bd6 9. O-O O-O 10. Re1 e5 11. dxe5 Ndxe5 12. Bc2 Bg4 13. Bb3 Kh8 14. Bxd5 Qg6 15. Kh1 Qh5 16. h3 Nd3 17. Rf1 Bxh3 18. Be4 Bxg2+ 19. Kxg2 Nf4+ 20. Kg1 Qg4+ 21. Kh1 Qg2# 0-1

[Event "75th Argentine Women-ch 2024"]
[Site "Buenos Aires"]
[Date "2024.11.27"]
[Round "7.5"]
[White "Montiel Marin, Micaela Agustina"]
[Black "Maggiolo, Elisa"]
[Result "0-1"]
[ECO "A57"]
[WhiteElo "1880"]
[BlackElo "1922"]
[Annotator "RC"]
[PlyCount "58"]
[EventDate "2024.11.21"]
[EventType "swiss"]
[EventCountry "ARG"]
[SourceTitle "playchess.com"]
[Source "ChessBase"]
[SourceQuality "1"]
[TimeControl "5400+30"]

1. d4 Nf6 2. c4 g6 3. f3 c5 4. d5 b5 5. cxb5 a6 6. e4 d6 7. Nc3 Bg7 8. Bd3 O-O 9. Nge2 Nbd7 10. Bf4 Nh5 11. Be3 Ne5 12. O-O Nxd3 13. Qxd3 axb5 14. Qd2 b4 15. Nd1 Ba6 16. Re1 Bc4 17. Nc1 Ra6 18. Qc2 Bb5 19. Rb1 Be5 20. Qd2 e6 21. Bg5 Qa8 22. Kh1 exd5 23. exd5 Bc4 24. Ne3 Bxa2 25. Nxa2 Rxa2 26. Nc4 Bc3 27. Qe2 Bxe1 28. Rxe1 Ra1 29. Nxd6 Qa6 0-1

[Event "75th Argentine Women-ch 2024"]
[Site "Buenos Aires"]
[Date "2024.11.27"]
[Round "7.6"]
[White "Ramirez, Marysol"]
[Black "Bossero, Ingrid"]
[Result "1-0"]
[ECO "D02"]
[WhiteElo "1824"]
[BlackElo "1694"]
[Annotator "NA RC"]
[PlyCount "41"]
[EventDate "2024.11.21"]
[EventType "swiss"]
[EventCountry "ARG"]
[SourceTitle "playchess.com"]
[Source "ChessBase"]
[SourceQuality "1"]
[TimeControl "5400+30"]

1. d4 d5 2. Bf4 e6 3. Nf3 Nf6 4. e3 Be7 5. Bd3 O-O 6. Nbd2 Nbd7 7. Ne5 c5 8. c3 a6 9. Qf3 Re8 10. h4 Ne4 11. Nxe4 dxe4 12. Bxe4 f6 13. Bxh7+ Kxh7 14. Qh5+ Kg8 15. Nf7 Qb6 {[%emt 0:00:00] [#]} 16. Nh6+ $1 gxh6 17. Rh3 Bd6 18. Qxe8+ Nf8 19. Rg3+ Kh8 20. Qf7 Qc7 21. Rg8# 1-0

[Event "75th Argentine Women-ch 2024"]
[Site "Buenos Aires"]
[Date "2024.11.27"]
[Round "7.7"]
[White "Macuri, Genesis"]
[Black "Perez Lascano, Lucila"]
[Result "0-1"]
[ECO "A46"]
[WhiteElo "1449"]
[BlackElo "1593"]
[Annotator "NA RC"]
[PlyCount "56"]
[EventDate "2024.11.21"]
[EventType "swiss"]
[EventCountry "ARG"]
[SourceTitle "playchess.com"]
[Source "ChessBase"]
[SourceQuality "1"]
[TimeControl "5400+30"]

1. d4 Nf6 2. Nf3 g6 3. g3 c5 4. dxc5 Na6 5. Bg2 Nxc5 6. O-O Bg7 7. Nc3 O-O 8. b3 Nfe4 9. Nxe4 Nxe4 10. Nd4 Nc3 11. Qd2 Bxd4 12. Qxd4 Nxe2+ 13. Kh1 Nxd4 14. c3 Nc6 15. Bf4 d6 16. Rfd1 Bf5 17. Rac1 Qc8 18. b4 Bh3 19. b5 Ne5 20. Bxe5 dxe5 21. Rd2 Bxg2+ 22. Kxg2 Rd8 23. Rcd1 Rxd2 24. Rxd2 Qc7 25. Rd3 Rd8 26. Re3 Rd2 27. a4 Rc2 28. h4 Qc5 0-1

[Event "75th Argentine Women-ch 2024"]
[Site "Buenos Aires"]
[Date "2024.11.27"]
[Round "7.8"]
[White "Herrera, Solange"]
[Black "Quiroga Ortiz, Isabella"]
[Result "1-0"]
[ECO "E76"]
[WhiteElo "1880"]
[BlackElo "1508"]
[Annotator "NA RC"]
[PlyCount "85"]
[EventDate "2024.11.21"]
[EventType "swiss"]
[EventCountry "ARG"]
[SourceTitle "playchess.com"]
[Source "ChessBase"]
[SourceQuality "1"]
[TimeControl "5400+30"]

1. d4 Nf6 2. c4 g6 3. Nc3 Bg7 4. e4 d6 5. f4 Nc6 6. d5 Nb8 7. Nf3 Nbd7 8. Be2 O-O 9. O-O {[%emt 0:00:06] E76: King's Indian: Four Pawns Attack: Lines specific to 6 Nf3 move-order.} e5 10. fxe5 dxe5 11. Bg5 h6 12. Bh4 Qe7 13. Qc2 a5 14. a3 Nc5 15. b4 axb4 16. axb4 Rxa1 17. Rxa1 Na6 18. b5 Nc5 19. Nd2 g5 20. Bf2 Bg4 21. h3 Bxe2 22. Nxe2 Nh5 23. Ng3 Nxg3 24. Bxg3 Qd7 (24... Rb8 $16) 25. Bf2 Qd6 26. Nb3 Nxb3 27. Qxb3 f5 28. c5 Qe7 29. d6+ Qf7 30. Qxf7+ Rxf7 31. Ra8+ Kh7 32. exf5 cxd6 33. cxd6 Rd7 34. Bc5 h5 35. Rc8 Bf6 36. Rc7 Rg7 37. b6 g4 38. hxg4 hxg4 39. d7 Bd8 40. Rxb7 e4 41. Rc7 Bf6 42. b7 Rg8 43. d8=Q+ 1-0

[Event "75th Argentine Women-ch 2024"]
[Site "Buenos Aires"]
[Date "2024.11.27"]
[Round "7.9"]
[White "Gaite, Karen Nerina"]
[Black "Perez Mosqueda, Valeria Ritzabeth"]
[Result "1-0"]
[ECO "A21"]
[WhiteElo "1997"]
[BlackElo "1476"]
[Annotator "RC"]
[PlyCount "95"]
[EventDate "2024.11.21"]
[EventType "swiss"]
[EventCountry "ARG"]
[SourceTitle "playchess.com"]
[Source "ChessBase"]
[SourceQuality "1"]
[TimeControl "5400+30"]

1. c4 e5 2. Nc3 Bb4 3. Nd5 a5 4. a3 Be7 5. g3 f5 6. Bg2 Nf6 7. Nxe7 Qxe7 8. b3 d6 9. Bb2 Nc6 10. e3 Be6 11. Rc1 O-O 12. Ne2 Qf7 13. d4 Bd7 14. O-O Rad8 15. Qe1 Ng4 16. Bd5 Be6 17. h3 Nf6 18. Bxe6 Qxe6 19. d5 Nxd5 20. cxd5 Qxd5 21. Qd1 Qf3 22. Nc3 Qxd1 23. Rfxd1 f4 24. exf4 exf4 25. g4 g5 26. Nd5 Rf7 27. Bf6 Re8 28. Re1 Ne5 29. Bxe5 dxe5 30. Nxc7 Ree7 31. Nd5 Re6 32. Rc7 Rxc7 33. Nxc7 Re7 34. Nd5 Re6 35. Kg2 Kg7 36. Kf3 Kg6 37. Ke4 h6 38. Rc1 b6 39. Rc6 Rxc6 40. Ne7+ Kf6 41. Nxc6 Ke6 42. Nxe5 Ke7 43. Kd5 Kd8 44. Kc6 Kc8 45. Kxb6 Kb8 46. Kxa5 Kb7 47. Kb5 Ka7 48. Kc6 1-0

[Event "75th Argentine Women-ch 2024"]
[Site "Buenos Aires"]
[Date "2024.11.27"]
[Round "7.10"]
[White "Palomares, Lujan"]
[Black "Manzoni, Camila"]
[Result "1-0"]
[ECO "C41"]
[WhiteElo "1633"]
[BlackElo "1521"]
[Annotator "NA RC"]
[PlyCount "109"]
[EventDate "2024.11.21"]
[EventType "swiss"]
[EventCountry "ARG"]
[SourceTitle "playchess.com"]
[Source "ChessBase"]
[SourceQuality "1"]
[TimeControl "5400+30"]

1. e4 e5 2. Nf3 Nc6 3. d4 d6 4. dxe5 dxe5 5. Qxd8+ Kxd8 6. Bb5 Bd7 7. Bxc6 Bxc6 8. Nxe5 Ke8 9. Nxc6 bxc6 10. O-O Bd6 11. Re1 Be5 12. c3 Ne7 13. Nd2 f6 14. Nc4 Bd6 15. Be3 Kf7 16. Rad1 Rhd8 17. f4 Ng6 18. g3 a6 19. Na5 c5 20. Nc6 Re8 21. Bf2 a5 22. e5 fxe5 23. fxe5 Nxe5 24. Nxe5+ Rxe5 25. Rxe5 Bxe5 26. Bxc5 Re8 27. Kf2 Rb8 28. Rd2 Rb5 29. Be3 Bd6 30. Ke2 Re5 31. Kd3 g5 32. Bd4 Rd5 33. Kc4 c6 34. a4 Ke6 35. Re2+ Kd7 36. b4 Rf5 37. Bb6 axb4 38. cxb4 Rf7 39. a5 Rf8 40. Rd2 Re8 41. Bc5 Re4+ 42. Kb3 Re6 43. a6 Kc7 44. Rxd6 Rxd6 45. Bxd6+ Kb6 46. Kc4 Kxa6 47. Kd4 Kb7 48. Ke5 Kc8 49. Kf5 Kd7 50. Bc5 g4 51. Kxg4 Ke8 52. Kf5 Kf7 53. g4 Kg8 54. Ke6 Kg7 55. Kd6 1-0